 Dungeon Crawl Stone Soup version 0.28-a0-563-gf77a47075d (webtiles) character file.

Game seed: 2388236565635576483

1451 iamoutofideas the Thaumaturge (level 8, -3/42 HPs)
             Began as a Deep Elf Fire Elementalist on Sept 30, 2021.
             Was an Initiate of Vehumet.
             Killed from afar by a gnoll (11 damage)
             ... with an iceblast
             ... on level 6 of the Dungeon.
             The game lasted 00:18:28 (8041 turns).

iamoutofideas the Thaumaturge (DEFE)                Turns: 8041, Time: 00:18:28

Health: -3/42      AC:  3    Str:  5    XL:     8   Next: 47%
Magic:  5/23       EV: 13    Int: 26    God:    Vehumet [......]
Gold:   66         SH:  0    Dex: 15    Spells: 13/26 levels left

rFire   . . .      SeeInvis .   l - staff of conjuration
rCold   . . .      Faith    .   (no shield)
rNeg    + . .      Spirit   .   a - +0 robe
rPois   .          Reflect  .   i - +1 hat {Int+3}
rElec   .          Harm     .   (no cloak)
rCorr   .          Rampage  .   (no gloves)
Will    .....                   (no boots)
Stlth   +++.......              (no amulet)
HPRegen 0.14/turn               o - ring of positive energy
MPRegen 0.18/turn               (no ring)

@: no status effects
A: no striking features
a: Renounce Religion


You were on level 6 of the Dungeon.
You worshipped Vehumet.
Vehumet was noncommittal.
You visited 1 branch of the dungeon, and saw 6 of its levels.

You collected 367 gold pieces.
You spent 301 gold pieces at shops.

Inventory:

Hand Weapons
 j - a +4 dagger
 q - a +2 antimagic hand axe
Armour
 a - a +0 robe (worn)
 e - a +0 buckler
 i - a +1 hat of intelligence (worn)
Magical Staves
 l - a staff of conjuration (weapon)
Jewellery
 b - a ring of ice
 o - a ring of positive energy (left hand)
Wands
 p - a wand of paralysis (7)
 r - a wand of charming (7)
 v - a wand of iceblast (18)
Scrolls
 h - 2 scrolls of teleportation
 n - a scroll of enchant armour {unknown}
 w - 2 scrolls of enchant weapon {unknown}
 y - a scroll of amnesia {unknown}
 z - a scroll of blinking
 A - a scroll of magic mapping
 C - a scroll of summoning {unknown}
Potions
 c - 3 potions of attraction
 d - a potion of curing {unknown}
 f - 2 potions of mutation {unknown}
 g - a potion of might {unknown}
 k - 2 potions of cancellation
 m - 2 potions of heal wounds {unknown}
 s - a potion of berserk rage {unknown}
 t - a potion of brilliance {unknown}
 u - a potion of degeneration {unknown}
 x - a potion of haste {unknown}
 B - a potion of ambrosia {unknown}


   Skills:
 + Level 0.5 Fighting
 + Level 3.6 Dodging
 + Level 3.7 Stealth
 + Level 9.6 Spellcasting
 * Level 5.2 Conjurations
 + Level 6.6 Fire Magic


You had 13 spell levels left.
You knew the following spells:

 Your Spells              Type           Power      Damage    Failure   Level
a - Foxfire               Conj/Fire      100%       2x1d9     1%          1
b - Scorch                Fire           94%        2d10      1%          2
c - Inner Flame           Hex/Fire       29%        N/A       3%          3
d - Conjure Flame         Conj/Fire      60%        6-21      1%          3
e - Flame Wave            Conj/Fire      60%        3d11      4%          4

Your spell library contained the following spells:

 Spells                   Type           Power      Damage    Failure   Level
 Animate Skeleton         Necr           24%        N/A       4%          1
 Summon Cactus Giant      Summ           6%         N/A       100%        6


Dungeon Overview and Level Annotations

Branches:
Dungeon (6/15)             Temple (0/1) D:4

Altars:
Kikubaaqudgha
Sif Muna
Trog
Vehumet

Shops:
D:2 *(?

Annotations:
D:1 exclusion: downstairs


Message History

The foxfire hits the gnoll sergeant.
The gnoll sergeant is moderately wounded.
Casting: Foxfire (safe; 1% risk of failure)
Confirm with . or Enter, or press ? or * to list all spells.
You feel a surge of power!
You conjure some foxfire!
The gnoll shouts!
The foxfire hits the gnoll sergeant but does no damage.
The gnoll sergeant is moderately wounded.
The foxfire hits the gnoll sergeant but does no damage.
The gnoll sergeant is moderately wounded.
A gnoll comes into view. It is wielding a +0 club.
Casting: Foxfire (safe; 1% risk of failure)
Confirm with . or Enter, or press ? or * to list all spells.
Okay, then.
Casting: Foxfire (safe; 1% risk of failure)
Confirm with . or Enter, or press ? or * to list all spells.
You feel a surge of power!
The fire begins to smoulder!
The gnoll sergeant hits you from afar with a +1 spear of distortion.
Unknown command.
The fire ignites!
Casting: Conjure Flame (safe; 1% risk of failure)
Confirm with . or Enter, or press ? or * to list all spells.
Casting: Flame Wave (dangerous; 4% risk of failure)
Press: ? - help, Dir - look around, f - activate You feel a surge of power!
A wave of flame ripples out! (Press . to intensify the flame waves.)
You hear a shout!
The gnoll sergeant hits you from afar with a +1 spear of distortion.
Space bends around you.
A gnoll comes into view. It is wielding a +0 spear.
The gnoll zaps a wand.
The mass of ice explodes!
The iceblast engulfs you!
Casting: Flame Wave (dangerous; 4% risk of failure)
Confirm with . or Enter, or press ? or * to list all spells.
You feel a surge of power!
The fire begins to smoulder!
The gnoll sergeant hits you from afar with a +1 spear of distortion.
Space bends around you.
* * * LOW HITPOINT WARNING * * *
A gnoll comes into view. It is wielding a +0 whip.
The gnoll zaps a wand.
The mass of ice explodes!
The iceblast engulfs you!
You die...

.......# .......#############
###..............#.#######
..'.......)......#..>....+
..#.....)).......#.......#
..#....).........###.#####
###......###########.############
..#......#........g...g........#.
..#......#......@§g.g.........g#.
..#......#........g....g.......'.
#'#......#....##..###..##..##..##
#.###....#######..###..##..# ##
....#....'.....#...#.........
....#....#.....'...#..........
#...#....#######...'............
#...#..........#...#............
....#..........#...#............


You could see a gnoll sergeant and 5 gnolls.

Vanquished Creatures
  An ice beast (D:5)
  4 black bears
  A hornet zombie (D:6)
  2 ogres
  A necrophage (D:4)
  A kobold brigand (D:5)
  A centaur zombie (D:6)
  A bullfrog zombie (D:4)
  3 hounds
  2 orc priests
  2 jellies
  A bullfrog skeleton (D:6)
  A centaur skeleton (D:6)
  A killer bee zombie (D:5)
  A hound skeleton (D:4)
  A howler monkey zombie (D:5)
  8 gnolls
  5 adders
  2 adder skeletons (D:4)
  A worm (D:4)
  3 dart slugs
  6 orcs
  A ball python (D:1)
  4 bats
  9 endoplasms
  2 giant cockroaches (D:3)
  5 goblins
  8 hobgoblins
  6 jackals
  8 kobolds
  5 quokkas
  2 frilled lizards
  A rat (D:2)
  A bush (D:4)
101 creatures vanquished.

Vanquished Creatures (collateral kills)
  11 foxfires (D:4)
11 creatures vanquished.

Vanquished Creatures (others)
  283 foxfires
  A fungus (D:2)
  7 plants (D:4)
  5 toadstools (D:2)
296 creatures vanquished.

Grand Total: 408 creatures vanquished

Notes
Turn   | Place    | Note
-------+----------+-------------------------------------------
     0 | D:1      | iamoutofideas the Deep Elf Fire Elementalist began the
                  | quest for the Orb.
     0 | D:1      | Reached XP level 1. HP: 10/10 MP: 6/6
   422 | D:1      | Reached XP level 2. HP: 14/15 MP: 5/8
   651 | D:1      | Found a faded altar of an unknown god.
  1132 | D:1      | Learned a level 2 spell: Scorch
  1133 | D:2      | Found Luzuwos's Assorted Antiques.
  1404 | D:1      | Reached XP level 3. HP: 8/19 MP: 0/9
  2019 | D:2      | Learned a level 3 spell: Inner Flame
  2076 | D:2      | Reached skill level 4 in Spellcasting
  2076 | D:2      | Reached XP level 4. HP: 21/24 MP: 8/12
  2147 | D:2      | Bought an embroidered hat for 133 gold pieces
  2163 | D:2      | Found Umogysuf's Magic Scroll Boutique.
  2257 | D:2      | Found Tussofan's Antique Weapon Shoppe.
  3172 | D:3      | Found a bloodstained altar of Trog.
  3278 | D:3      | Reached XP level 5. HP: 24/28 MP: 1/14
  3479 | D:3      | Reached skill level 5 in Spellcasting
  3545 | D:3      | Noticed an ogre
  3559 | D:3      | Killed an ogre
  3952 | D:4      | Found a staircase to the Ecumenical Temple.
  3967 | D:4      | Reached skill level 6 in Spellcasting
  3967 | D:4      | Reached skill level 5 in Fire Magic
  3967 | D:4      | Reached XP level 6. HP: 24/32 MP: 11/17
  4286 | D:4      | Learned a level 3 spell: Conjure Flame
  4291 | D:4      | Learned a level 4 spell: Flame Wave
  4448 | D:4      | Reached skill level 7 in Spellcasting
  4982 | D:4      | Reached XP level 7. HP: 27/36 MP: 5/19
  5592 | D:5      | Entered Level 5 of the Dungeon
  6018 | D:5      | Found a radiant altar of Vehumet.
  6020 | D:5      | Found an ancient bone altar of Kikubaaqudgha.
  6023 | D:5      | Found a shimmering blue altar of Sif Muna.
  6028 | D:5      | Got Kikubaaqudgha's Handbook of Stolen Souls
  6058 | D:5      | Became a worshipper of Vehumet
  6191 | D:5      | Reached skill level 8 in Spellcasting
  6713 | D:6      | Reached XP level 8. HP: 41/41 MP: 17/22
  6728 | D:6      | Reached skill level 9 in Spellcasting
  7246 | D:2      | Bought a scroll of identify for 26 gold pieces
  7246 | D:2      | Bought a scroll of blinking for 97 gold pieces
  7246 | D:2      | Bought a scroll of magic mapping for 45 gold pieces
  7676 | D:6      | Reached skill level 5 in Conjurations
  8041 | D:6      | Killed from afar by a gnoll

Illustrated notes

Levels and vault maps discovered:
D:1:      scummos_arrival_forest, layout_basic, ebering_ecumenical_altar_webs
D:2:      layout_loops_cross, serial_shops, nicolae_shop_behind_doors, shop,
          nicolae_shop_crystal, minmay_gold_behind_fungi
D:3:      layout_rooms, mainiacjoe_overflow_paths
D:4:      layout_basic, minmay_temple_entry_purple_smoke, serial_forest,
          infiniplex_forest_corner_1, infiniplex_forest_join,
          infiniplex_forest_clump_medium, infiniplex_forest_clump_C,
          infiniplex_forest_clump_small, infiniplex_forest_clump_small,
          infiniplex_forest_clump_double, infiniplex_forest_clump_medium,
          infiniplex_forest_clump_C
D:5:      kennysheep_big_flooded_room, layout_basic,
          grunt_temple_overflow_magic_moments, amcnicky_mini_pool_small
D:6:      layout_gridville

Skill      XL: |  1  2  3  4  5  6  7  8 |
---------------+-------------------------+-----
Fire Magic     | 4 5 6 |  6.6
Spellcasting   | 4 6 7 8 9 |  9.6
Stealth        | 3 |  3.7
Dodging        | 3 |  3.6
Conjurations   | 2 4 5 |  5.2
Fighting       | |  0.5

Action                   |  1- 3 |  4- 6 |  7- 9 || total
-------------------------+-------+-------+-------++-------
Melee: Dagger            |       |     6 |       ||     6
 Cast: Foxfire           |    40 |    73 |    64 ||   177
       Scorch            |     5 |    24 |    13 ||    42
       Conjure Flame     |       |     3 |     9 ||    12
       Flame Wave        |       |     1 |     4 ||     5
Evoke: Wand              |       |       |     1 ||     1
  Use: Scroll            |     3 |     1 |     3 ||     7
       Potion            |       |     1 |       ||     1
Armor: Robe              |     4 |    13 |    11 ||    28
Dodge: Dodged            |    20 |    36 |    22 ||    78

Table legend: (Time is in decaauts)
 A = Elapsed time spent in this place.
 B = Non-inter-level travel time spent in this place.
 C = Inter-level travel time spent in this place.
 D = Time resting spent in this place.
 E = Time spent auto-exploring this place.
 F = Levels seen in this place.
 G = Mean time per level.
                   A        B        C        D        E       F      G
               +--------+--------+--------+--------+--------+-----+--------+
         Total |   8047 |   7625 |    422 |   2304 |   4192 |   6 | 1341.2 |
       Dungeon |   8047 |   7625 |    422 |   2304 |   4192 |   6 | 1341.2 |
               +--------+--------+--------+--------+--------+-----+--------+

Top non-repeatable levels by time:
     D:1: 1882 daAuts
     D:4: 1853 daAuts
     D:5: 1572 daAuts
     D:2: 1139 daAuts
     D:3: 853 daAuts
     D:6: 746 daAuts
